 Dungeon Crawl Stone Soup version 0.31-a0-182-gc5ef74bbde (webtiles) character file.

Game seed: 18058503972615790486

13612 pokeman the Eclecticist (level 11, -3/63 HPs)
             Began as a Deep Elf Hedge Wizard on June 21, 2023.
             Was a Believer of Vehumet.
             Killed from afar by Jorgrun (44 damage)
             ... with an entropic shot
             ... on level 12 of the Dungeon.
             The game lasted 00:36:02 (13305 turns).

pokeman the Eclecticist (Deep Elf Hedge Wizard)    Turns: 13305, Time: 00:36:02

Health: -3/63      AC:  8    Str:  7    XL:     11   Next: 77%
Magic:  21/50      EV: 12    Int: 24    God:    Vehumet [**....]
Gold:   590        SH:  0    Dex: 14    Spells: 24/41 levels left

rFire   . . .        N - +4 flail "Ynnupnet" {freeze, MP+9}
rCold   . . .        (no shield)
rNeg    + . .        T - +0 troll leather armour
rPois   .            c - +0 hat
rElec   .            H - +0 cloak
rCorr   .            y - +0 pair of gloves
SInv    .            W - +1 pair of boots
Will    +....        i - amulet of regeneration
Stlth   ++           E - ring of magical power
HPRegen 1.90/turn    B - ring of positive energy
MPRegen 0.32/turn

%: no passive effects
@: no status effects
A: no striking features
a: Renounce Religion


You were on level 12 of the Dungeon.
You worshipped Vehumet.
Vehumet was pleased with you.
You visited 2 branches of the dungeon, and saw 13 of its levels.
You also visited: Sewer.

You collected 590 gold pieces.

Inventory:

Hand Weapons
 N - the +4 flail "Ynnupnet" (weapon) {freeze, MP+9}
   (You found it on level 6 of the Dungeon)

   MP:        It affects your magic capacity (+9).
Missiles
 s - 7 curare-tipped darts
 K - a throwing net
Armour
 c - a +0 hat (worn)
 y - a +0 pair of gloves (worn)
 H - a +0 cloak (worn)
 P - a +0 buckler
 T - a +0 troll leather armour (worn)
 W - a +1 pair of boots (worn)
Magical Staves
 A - a staff of conjuration
Jewellery
 i - an amulet of regeneration (around neck)
 o - a ring of ice
 B - a ring of positive energy (right hand)
 E - a ring of magical power (left hand)
Wands
 a - a wand of polymorph (14)
 J - a wand of digging (6)
 M - a wand of paralysis (10)
Scrolls
 f - 9 scrolls of teleportation
 n - 2 scrolls of blinking
 u - 2 scrolls of revelation {unknown}
 z - 3 scrolls of immolation {unknown}
 F - 2 scrolls of summoning {unknown}
 Q - 2 scrolls of poison {unknown}
 S - a scroll of enchant armour {unknown}
 V - a scroll of noise {unknown}
Potions
 d - 2 potions of magic
 m - 3 potions of lignification {unknown}
 v - 2 potions of resistance {unknown}
 w - 3 potions of haste
 x - 2 potions of heal wounds {unknown}
 C - 5 potions of curing {unknown}
 O - a potion of berserk rage {unknown}
 R - a potion of mutation {unknown}
 X - 2 potions of degeneration {unknown}
 Y - a potion of invisibility {unknown}
Miscellaneous
 U - a box of beasts


   Skills:
 - Level 5.0 Fighting
 - Level 3.0 Armour
 - Level 3.0 Dodging
 - Level 3.0 Stealth
 + Level 4.2 Shields
 * Level 15.8 Spellcasting
 + Level 9.2 Conjurations
 - Level 1.1 Summonings
 - Level 1.1 Translocations
 - Level 1.0 Air Magic
 + Level 8.6 Earth Magic
 - Level 1.0 Poison Magic
 - Level 1.3 Evocations


You had 24 spell levels left.
You knew the following spells:

 Your Spells              Type           Power      Damage    Failure   Level
a - Magic Dart            Conj           100%       1d8       1%          1
b - Mephitic Cloud        Conj/Pois/Air  37%        N/A       2%          3
c - Call Imp              Summ           48%        N/A       4%          2
d - Blink                 Tloc           48%        N/A       4%          2
e - Iskenderun's Mystic   Conj/Tloc      43%        2d10      4%          4
f - Lee's Rapid Deconstr  Erth           28%        3d15*     3%          5

Your spell library contained the following spells:

 Spells                   Type           Power      Damage    Failure   Level
 Sandblast                Erth           100%       2d20      1%          1
 Apportation              Tloc           48%        N/A       2%          1
 Sting                    Tmut/Pois      84%        1d7       3%          1
 Slow                     Hex            76%        N/A       4%          1
 Cigotuvi's Dreadful Rot  Necr/Pois/Air  44%        N/A       4%          2
 Lesser Beckoning         Tloc           48%        N/A       4%          2
 Poisonous Vapours        Pois/Air       48%        N/A       4%          2
 Ensorcelled Hibernation  Hex/Ice        38%        N/A       6%          2
 Fulminant Prism          Conj/Hex       20%        3d12      6%          4
 Gell's Gravitas          Tloc           24%        N/A       9%          3
 Teleport Other           Tloc           24%        N/A       9%          3
 Volatile Blastmotes      Fire/Tloc      42%        2d13      10%         3
 Spider Form              Tmut/Pois      21%        N/A       11%         3
 Olgreb's Toxic Radiance  Pois           24%        N/A       26%         4
 Anguish                  Hex/Necr       9%         N/A       38%         4
 Alistair's Intoxication  Tmut/Pois      14%        N/A       67%         5


Dungeon Overview and Level Annotations

Branches:
Dungeon (12/15)            Temple (1/1) D:7            Lair (0/5) D:11
  Sewer (visited)
    Orc: D:9-12

Altars:
Ashenzari
Elyvilon
Hepliaklqana
Kikubaaqudgha
Makhleb
Nemelex Xobeh
Qazlal
Ru
Trog
Uskayaw
Vehumet
Wu Jian
Xom
Yredelemnul
Zin
The Shining One

Shops:
D:2 (   D:5 (   D:9 :

Portals:
Abyss: D:3

Annotations:
D:3 2 transporters, superbruh's ghost, amateur DsCj
D:12 Jorgrun


Message History

Casting: Iskenderun's Mystic Blast (dangerous; 4% risk of failure)
Confirm with . or Enter, or press ? or * to list all spells.
You erupt in a blast of force!
The mystic blast hits Jorgrun!
Jorgrun is moderately wounded.
Jorgrun is knocked back by the mystic blast.
The mystic blast hits the vampire mosquito!
The vampire mosquito is almost destroyed.
The vampire mosquito is knocked back by the mystic blast.
The vampire mosquito slams into the rock wall!
You destroy the vampire mosquito!
Vehumet accepts your kill.
Casting: Iskenderun's Mystic Blast (dangerous; 4% risk of failure)
Confirm with . or Enter, or press ? or * to list all spells.
Aiming: Mephitic Cloud (dangerous; 2% risk of failure)
Press: ? - help, Shift-Dir - straight line, f/p - Jorgrun
Aim: Jorgrun, wielding a staff of earth and wearing a +2 robe of the Archmagi (moderately wounded, confused, chance to affect: 29%)
The ball explodes into a vile cloud!
The stinking cloud engulfs Jorgrun but does no damage.
Jorgrun is moderately wounded.
Jorgrun is engulfed in noxious fumes.
Jorgrun laughs crazily.
Unknown command.
Jorgrun is engulfed in noxious fumes.
Jorgrun hits himself with a staff of earth!
Jorgrun screams, "I'll kill you anyway!"
Some rock shatters into small pieces.
Casting: Mephitic Cloud (dangerous; 2% risk of failure)
Confirm with . or Enter, or press ? or * to list all spells.
Aiming: Mephitic Cloud (dangerous; 2% risk of failure)
Press: ? - help, Shift-Dir - straight line, f/p - Jorgrun
Aim: Jorgrun, wielding a staff of earth and wearing a +2 robe of the Archmagi (moderately wounded, chance to affect: 29%)
The ball explodes into a vile cloud!
The stinking cloud engulfs Jorgrun but does no damage.
Jorgrun is moderately wounded.
Jorgrun is engulfed in noxious fumes.
Jorgrun is engulfed in noxious fumes.
Jorgrun gestures at you while chanting. The entropic shot hits you!!!
Ouch! That really hurt!
You die...

####.##h.#
..#††.y# #.#.#
#.#†# #..○####
##..§°.#
##.#g.# ####.##
####@.###
#....#.≈#
#.≈≈.##≈####
##.~≈.#~≈≈.####
#.##~≈.#..≈~...
##.#.....≈≈#
#..##≈≈≈.#
#.#.≈≈≈##.#
#≈.#.........


You could see Jorgrun.

Vanquished Creatures
  Fannar (D:12)
  4 two-headed ogres
  An ugly thing (D:11)
  A manticore (D:11)
  A gargoyle (D:11)
  An unseen horror (D:11)
  A komodo dragon (D:11)
  2 trolls
  Grinder (D:6)
  Prince Ribbit (D:5)
  12 yaks
  A vampire (D:12)
  4 wyverns
  A basilisk (D:11)
  4 vampire mosquitoes (D:12)
  A steam dragon (D:8)
  5 water moccasins
  5 orc warriors
  2 sky beasts
  2 ice beasts
  6 black bears
  3 ogres
  A wolf (D:11)
  5 centaurs
  3 kobold brigands
  A gnoll sergeant (D:10)
  3 bullfrogs
  3 scorpions
  9 wights
  3 killer bees (D:8)
  4 howler monkeys
  4 hounds
  5 orc priests
  Crazy Yiuf (D:6)
  A gnoll bouda (D:4)
  Terence (D:2)
  2 sleepcaps
  3 iguanas
  6 orc wizards
  9 gnolls
  11 adders
  A shadow imp (D:5)
  A white imp (D:6)
  An ufetubus (D:4)
  3 dart slugs
  18 orcs
  4 ball pythons
  5 endoplasms
  4 giant cockroaches
  9 goblins
  9 hobgoblins
  5 quokkas
  12 bats
  5 frilled lizards
  23 kobolds
  4 rats
239 creatures vanquished.

Vanquished Creatures (collateral kills)
  A howler monkey (D:6)
1 creature vanquished.

Vanquished Creatures (others)
  An electric eel (D:6)
1 creature vanquished.

Grand Total: 241 creatures vanquished

Notes
Turn   | Place    | Note
-------+----------+-------------------------------------------
     0 | D:1      | pokeman the Deep Elf Hedge Wizard began the quest for the
                  | Orb.
     0 | D:1      | Reached XP level 1. HP: 10/10 MP: 7/7
   396 | D:1      | Reached XP level 2. HP: 16/16 MP: 4/9
   953 | D:1      | Reached skill level 5 in Spellcasting
  1006 | D:1      | Reached XP level 3. HP: 16/20 MP: 0/11
  1010 | D:1      | Learned a level 3 spell: Mephitic Cloud
  1013 | D:1      | Learned a level 2 spell: Call Imp
  1016 | D:1      | Learned a level 2 spell: Blink
  1768 | D:2      | Reached skill level 1 in Armour
  1797 | D:2      | Reached skill level 1 in Fighting
  1934 | D:2      | Found Urphor's Antique Weapon Boutique.
  2013 | D:2      | Noticed Terence
  2026 | D:2      | Killed Terence
  2027 | D:2      | Reached XP level 4. HP: 25/25 MP: 6/13
  2412 | D:3      | Reached skill level 6 in Spellcasting
  2443 | D:3      | Found a transporter.
  2446 | D:3      | Found a transporter.
  2451 | D:3      | Noticed a kobold brigand
  2553 | D:3      | Found a glowing drain.
  2601 | D:3      | Reached XP level 5. HP: 29/29 MP: 10/15
  2608 | Sewer    | Entered a sewer
  2886 | Sewer    | Reached skill level 1 in Air Magic
  2886 | Sewer    | Reached skill level 1 in Poison Magic
  2901 | Sewer    | Reached skill level 1 in Evocations
  2901 | Sewer    | Reached XP level 6. HP: 33/34 MP: 5/17
  2908 | Sewer    | Learned a level 4 spell: Iskenderun's Mystic Blast
  2914 | Sewer    | Learned a level 5 spell: Lee's Rapid Deconstruction
  3428 | D:3      | Noticed superbruh's ghost (amateur DsCj)
  3499 | D:3      | Found a glowing silver altar of Zin.
  3569 | D:3      | Found a one-way gate to the infinite horrors of the Abyss.
  3878 | D:4      | Reached skill level 7 in Spellcasting
  3942 | D:4      | You fall into a shaft and drop 2 floors!
  3952 | D:6      | Noticed a water moccasin
  3982 | D:6      | Killed a water moccasin
  3983 | D:6      | Reached skill level 1 in Earth Magic
  4024 | D:6      | Noticed an orc warrior
  4028 | D:6      | Reached XP level 7. HP: 28/39 MP: 13/20
  4041 | D:6      | Noticed Grinder
  4169 | D:6      | Reached skill level 8 in Spellcasting
  4212 | D:6      | Noticed a yak
  4212 | D:6      | Noticed a yak
  4352 | D:6      | Found a runed translucent door.
  4353 | D:6      | Noticed Crazy Yiuf
  4367 | D:6      | Killed Crazy Yiuf
  4503 | D:5      | Entered Level 5 of the Dungeon
  4751 | D:4      | Found a bloodstained altar of Trog.
  4764 | D:4      | Reached skill level 9 in Spellcasting
  4764 | D:4      | Reached XP level 8. HP: 44/44 MP: 23/23
  4765 | D:4      | Identified the +1 scale mail "Wotsovve" {*Slow rPois Int+7
                  | Dex+3}
  4929 | D:4      | Found an ancient bone altar of Kikubaaqudgha.
  5439 | D:5      | Reached skill level 5 in Conjurations
  5821 | D:5      | Found Sicuz's Weapon Shoppe.
  5886 | D:5      | Noticed Prince Ribbit
  5908 | D:5      | Killed Prince Ribbit
  5909 | D:5      | Reached skill level 10 in Spellcasting
  6125 | D:6      | Killed Grinder
  6330 | D:6      | Reached XP level 9. HP: 48/48 MP: 25/25
  6573 | D:6      | Identified the +4 flail "Ynnupnet" {freeze, MP+9}
  6651 | D:6      | Reached skill level 11 in Spellcasting
  6671 | D:6      | Reached skill level 5 in Earth Magic
  7328 | D:7      | Reached skill level 12 in Spellcasting
  7660 | D:7      | Found a staircase to the Ecumenical Temple.
  7668 | Temple   | Entered the Ecumenical Temple
  7691 | Temple   | Became a worshipper of Vehumet
  7891 | D:8      | Reached XP level 10. HP: 56/56 MP: 6/28
  8564 | D:9      | Found Giqiosoh's Book Boutique.
  8591 | D:9      | Found a large runed translucent door.
  8626 | D:9      | Found a large runed translucent door.
  8736 | D:9      | Noticed a two-headed ogre
  8746 | D:9      | Killed a two-headed ogre
  8747 | D:9      | Reached skill level 13 in Spellcasting
  8753 | D:9      | Reached skill level 1 in Shields
  8996 | D:9      | Noticed a two-headed ogre
  9015 | D:9      | Killed a two-headed ogre
  9193 | D:9      | Noticed a two-headed ogre
  9206 | D:9      | Killed a two-headed ogre
  9754 | D:9      | Found a sparkling altar of Nemelex Xobeh.
  9757 | D:9      | Found an ornate altar of the Wu Jian Council.
  9780 | D:10     | Entered Level 10 of the Dungeon
  9900 | D:10     | Reached * piety under Vehumet
  9900 | D:10     | Offered knowledge of Freeze by Vehumet.
 10065 | D:10     | Reached skill level 14 in Spellcasting
 10330 | D:10     | Reached skill level 5 in Fighting
 10330 | D:10     | Reached XP level 11. HP: 63/63 MP: 31/31
 11192 | D:10     | Noticed a two-headed ogre
 11212 | D:10     | Killed a two-headed ogre
 11461 | D:11     | Noticed a red ugly thing
 11676 | D:11     | Killed a red ugly thing
 12159 | D:11     | Reached skill level 15 in Spellcasting
 12335 | D:11     | Found a staircase to the Lair.
 12516 | D:11     | Offered knowledge of Sandblast by Vehumet.
 12533 | D:11     | Reached ** piety under Vehumet
 13193 | D:12     | Noticed Fannar
 13210 | D:12     | Killed Fannar
 13288 | D:12     | Noticed Jorgrun
 13305 | D:12     | Killed from afar by Jorgrun

Illustrated notes

Levels and vault maps discovered:
D:1:      dpeg_arrival_morbid_curiosity, layout_loops_corners,
          chequers_serial_rivers_marsh, st_stairs_5, kennysheep_doodads,
          nrook_campfire, chequers_serial_rivers_small_b, grunt_decor_cap,
          nicolae_grassy_gnolls
D:2:      layout_rooms, serial_shops, nicolae_shop_pleasant_corner_grove,
          grunt_ministairs_14, minmay_crystal_room, uniq_terence
D:3:      layout_basic, zin_scriptorium, gammafunk_ghost_abyssal_escape,
          gup_sewer_entry_glass
D:4:      layout_loops_corners, overflow_temple_1_default, trog_ov_bears_minmay
D:5:      layout_rooms, serial_shops, nicolae_shop_bloodbath_and_beyond,
          uniq_prince_ribbit1
D:6:      layout_loops_ring, lightli_minifort, uniq_grinder,
          uniq_crazy_yiuf_cottage
D:7:      layout_rooms, minmay_temple_entry_glassed_door, minmay_misc_feat_five
D:8:      layout_cave_pools
D:9:      layout_loops_ring, jmf_multi_god_temple2, serial_shops, shop,
          chequers_serial_rivers_micro_a, roderic_lattice_a
D:10:     layout_basic, kennysheep_generic_room_15
D:11:     layout_basic, minmay_lair_entry_grove
D:12:     layout_loops_ring, david_orc_4, ebering_ghost_gozag,
          chequers_serial_rivers_small_b, uniq_jorgrun, uniq_fannar
Temple:   nicolae_temple_bog_church

Skill      XL: |  1  2  3  4  5  6  7  8  9 10 11 |
---------------+----------------------------------+-----
Spellcasting   | 5 6 7 9 10 12 14 15 | 15.8
Armour         | 1 2 3 |  3.0
Fighting       | 1 2 3 5 |  5.0
Conjurations   | 2 3 4 5 7 8 9 |  9.2
Dodging        | 3 |  3.0
Stealth        | 3 |  3.0
Air Magic      | 1 |  1.0
Poison Magic   | 1 |  1.0
Evocations     | 1 |  1.3
Earth Magic    | 1 3 4 6 7 8 |  8.6
Shields        | 2 4 |  4.2
Summonings     | |  1.1
Translocations | |  1.1

Action                     |  1- 3 |  4- 6 |  7- 9 | 10-12 || total
---------------------------+-------+-------+-------+-------++-------
  Melee: Dagger            |     8 |    33 |    62 |       ||   103
         Punch             |       |     2 |     2 |     2 ||     6
         Flail             |       |       |    29 |    45 ||    74
   Cast: Magic Dart        |    89 |   100 |   181 |   113 ||   483
         Mephitic Cloud    |     1 |     3 |    37 |    50 ||    91
         Blink             |       |     3 |       |       ||     3
         Call Imp          |       |     4 |     2 |       ||     6
         Iskenderun's Myst |       |       |    15 |   101 ||   116
         Lee's Rapid Decon |       |       |     1 |     1 ||     2
  Evoke: Wand              |       |       |     1 |       ||     1
    Use: Scroll            |       |       |     7 |     3 ||    10
   Stab: Confused          |     1 |     1 |    17 |    10 ||    29
         Sleeping          |       |     1 |       |       ||     1
 Armour: Robe              |     2 |    12 |    17 |     4 ||    35
         Troll leather arm |       |       |       |    25 ||    25
  Dodge: Dodged            |    13 |    43 |    50 |    63 ||   169

Table legend: (Time is in decaauts)
 A = Elapsed time spent in this place.
 B = Non-inter-level travel time spent in this place.
 C = Inter-level travel time spent in this place.
 D = Time resting spent in this place.
 E = Time spent auto-exploring this place.
 F = Levels seen in this place.
 G = Mean time per level.
                   A        B        C        D        E       F      G
               +--------+--------+--------+--------+--------+-----+--------+
         Total |  13367 |  12623 |    744 |    466 |   9894 |  14 |  954.8 |
       Dungeon |  12690 |  11959 |    731 |    466 |   9413 |  12 | 1057.5 |
        Temple |     58 |     46 |     12 |      0 |      9 |   1 |   58.0 |
         Sewer |    618 |    618 |      0 |      0 |    471 |   1 |  618.0 |
               +--------+--------+--------+--------+--------+-----+--------+

Top non-repeatable levels by time:
    D:10: 1792 daAuts
     D:1: 1677 daAuts
    D:11: 1507 daAuts
     D:6: 1495 daAuts
     D:9: 1268 daAuts
     D:4: 1189 daAuts
     D:8: 802 daAuts
     D:3: 788 daAuts
     D:5: 731 daAuts
     D:7: 673 daAuts
     D:2: 637 daAuts
   Sewer: 618 daAuts
    D:12: 127 daAuts
  Temple: 58 daAuts
